 Dungeon Crawl Stone Soup version 0.18.1-48-g4cf74bf (webtiles) character file.

136 luca467 the Slasher (level 4, 0/37 HPs)
             Began as a Demonspawn Gladiator on Sept 13, 2016.
             Slain by luca467's ghost (7 damage)
             ... on level 3 of the Dungeon.
             The game lasted 00:05:56 (1925 turns).

luca467 the Slasher (Demonspawn Gladiator)          Turns: 1925, Time: 00:05:57

Health: 0/37       AC:  5    Str: 16    XL:     4   Next: 98%
Magic:  4/4        EV: 12    Int: 14    God:
Gold:   110        SH:  0    Dex: 14    Spells: 0 memorised, 3 levels left

rFire  . . .     SeeInvis .     a - +0 long sword
rCold  . . .     Gourm    .     b - +0 leather armour
rNeg   . . .     Faith    .     (no shield)
rPois  .         Spirit   .     c - +0 helmet
rElec  .         Dismiss  .     (no cloak)
rCorr  .         Reflect  .     s - +0 pair of gloves
SustAt .         Harm     .     (no boots)
MR     .....                    h - amulet of regeneration
Stlth  +.........               (no ring)
                                l - +5 ring of intelligence

@: not resistant to hostile enchantments, very unstealthy
A: foul stench 1, rot immunity
a: no special abilities


You were on level 3 of the Dungeon.
You were not hungry.

You visited 1 branch of the dungeon, and saw 3 of its levels.

You collected 110 gold pieces.

Inventory:

Hand Weapons
 a - a +0 long sword (weapon)
Missiles
 d - 3 throwing nets (quivered)
Armour
 b - a +0 leather armour (worn)
 c - a +0 helmet (worn)
 s - a +0 pair of gloves (worn)
Jewellery
 h - an amulet of regeneration (around neck)
 l - a +5 ring of intelligence (left hand)
Wands
 x - a wand of slowing (18/48)
Scrolls
 i - 2 scrolls of enchant armour {unknown}
 k - 2 scrolls of magic mapping {unknown}
 o - a scroll of immolation {unknown}
 p - a scroll of teleportation
 r - a scroll of fear {unknown}
 u - a scroll of random uselessness {unknown}
 w - a scroll of remove curse {unknown}
Potions
 e - a potion of cancellation {unknown}
 j - a potion of resistance {unknown}
 q - a potion of lignification {unknown}
 t - a potion of magic {unknown}
 v - a potion of ambrosia {unknown}
Comestibles
 f - 2 bread rations
 g - 2 slices of pizza
 m - 5 fruits
 n - 3 meat rations
 z - 4 chunks of flesh


   Skills:
 + Level 3.9 Fighting
 + Level 4.1 Long Blades
 - Level 1.7 Throwing
 - Level 2.6 Dodging


You had 3 spell levels left.
You didn't know any spells.

Dungeon Overview and Level Annotations

Branches:
Dungeon (3/15)

Altars:
Cheibriados
Nemelex Xobeh
Pakellas
Vehumet
Xom

Annotations:
D:3 luca467's ghost, amateur OpFi


Innate Abilities, Weirdness & Mutations

You may emit foul miasma when damaged in melee.
You are immune to rotting.


Message History

Luca467's ghost closely misses you.
You closely miss luca467's ghost.
Luca467's ghost is lightly damaged.
Luca467's ghost hits you! Luca467's ghost hits you.
You hit luca467's ghost.
Luca467's ghost is moderately damaged.
Luca467's ghost closely misses you.
You hit luca467's ghost.
Luca467's ghost is moderately damaged.
Luca467's ghost hits you!
* * * LOW HITPOINT WARNING * * *
You are too injured to fight recklessly!
You barely miss luca467's ghost.
Luca467's ghost is moderately damaged.
Luca467's ghost hits you.
* * * LOW HITPOINT WARNING * * *
You hit luca467's ghost.
Luca467's ghost is heavily damaged.
Luca467's ghost hits you!
You die...

..........#.#.#
....^.###.#.#.# ######
........#.#.#.# #....#
.#......#.#.#.# ###....#
.#.####<#.#.# #.')._.#
##.# #.#.#.. #.#)...#
.#.####.#.########.#....#
.#.#.........##..).######
.#...........##.@......#
.#...........##.W......#
.##..........##...)....#
....÷..................#
.....##########........#
.........# #...(....#
###).###.# #........#
.......#.######........#
.#.....#.##.......†######.


You could see luca467's ghost.

Vanquished Creatures
  A hound (D:3)
  A gnoll (D:3)
  3 adders
  A worm (D:2)
  A dart slug (D:1)
  4 giant cockroaches
  7 hobgoblins
  4 jackals (D:2)
  8 kobolds
  A quokka (D:2)
  6 bats
  8 giant newts
  10 goblins
  8 rats
63 creatures vanquished.

Notes
Turn   | Place    | Note
--------------------------------------------------------------
     0 | D:1      | luca467 the Demonspawn Gladiator began the quest for the Orb.
     0 | D:1      | Reached XP level 1. HP: 16/16 MP: 1/1
    73 | D:1      | Reached skill level 3 in Long Blades
   229 | D:1      | Gained mutation: You are immune to rotting. [demonic ancestry]
   229 | D:1      | Reached XP level 2. HP: 21/22 MP: 2/2
   539 | D:1      | Found a sparkling altar of Nemelex Xobeh.
   765 | D:2      | Reached XP level 3. HP: 6/28 MP: 3/3
  1429 | D:2      | Found a radiant altar of Vehumet.
  1429 | D:2      | Found an oddly glowing altar of Pakellas.
  1511 | D:3      | Found a shimmering altar of Xom.
  1530 | D:3      | Gained mutation: You may emit foul miasma when damaged in melee. [demonic ancestry]
  1530 | D:3      | Reached XP level 4. HP: 35/35 MP: 4/4
  1731 | D:3      | Reached skill level 4 in Long Blades
  1866 | D:3      | Found a snail-covered altar of Cheibriados.
  1910 | D:3      | Noticed luca467's ghost (amateur OpFi)
  1925 | D:3      | Slain by luca467's ghost

Skill      XL: |  1  2  3  4 |
---------------+-------------+-----
Long Blades    | 3 4 |  4.1
Fighting       | 3 |  3.9
Throwing       | |  1.7
Dodging        | |  2.6

Action                   |  1- 3 |  4- 6 || total
-------------------------+-------+-------++-------
Melee: Long sword        |   149 |    66 ||   215
  Use: Scroll            |     3 |       ||     3
  Eat: Chunk             |     1 |     3 ||     4
Armor: Leather armour    |    51 |    26 ||    77
Dodge: Dodged            |   108 |    39 ||   147
